[Event "*** SCC Grand Prix: Titled Tuesday Blitz"]
[Site "Chess.com"]
[Date "2020.10.13"]
[Round "7"]
[White "ElMosho7u7r"]
[Black "PauloCesarCosta_sad"]
[Result "0-1"]
[WhiteElo "2141"]
[BlackElo "2252"]
[TimeControl "180+1"]
[EndTime "11:15:31 PDT"]
[Termination "PauloCesarCosta_sad won by resignation"]

1. e4 e6 2. d4 d5 3. exd5 exd5 4. Bd3 Bd6 5. h3 Nc6 6. c3 Nge7 7. Qf3 O-O 8. Ne2 Re8 9. Bf4 Bxf4 10. Qxf4 Ng6 11. Qf3 Nh4 12. Qg3 Bf5 13. O-O Bxd3 14. Qxd3 Qg5 15.
Ng3 Re7 16. Nd2 Rae8 17. Qb5 Qxd2 18. Qxb7 Re6 19. Rad1 Qg5 20. Qxc7 f5 21. c4 f4 22. cxd5 Qxd5 0-1

[Event "*** SCC Grand Prix: Titled Tuesday Blitz"]
[Site "Chess.com"]
[Date "2020.10.13"]
[Round "7"]
[White "SilviusTiberius"]
[Black "ChelsieMonica"]
[Result "1-0"]
[WhiteElo "2594"]
[BlackElo "2384"]
[TimeControl "180+1"]
[EndTime "11:15:34 PDT"]
[Termination "SilviusTiberius won by resignation"]

1. e4 e6 2. d4 d5 3. Nc3 Bb4 4. exd5 exd5 5. Bd3 Nf6 6. Ne2 O-O 7. O-O c6 8. a3 Ba5 9. Bg5 Bg4 10. f3 Bh5 11. Nf4 Bg6 12. Nce2 Bc7 13. Qe1 Re8 14. Qd2 Bxd3 15. Nxd3 h6 16. Bf4 Nbd7 17. g4 Nf8 18. Ng3 Ng6 19. Bxc7 Qxc7 20. Rae1 Nh4 21. Ne5 Nd7 22. f4 f6 23. Nxd7 Qxd7 24. f5 g5 25. Nh5 Kf7 26. Re6 Rxe6 27. fxe6+ Qxe6 28. Nxf6 Kg6 29. Qd3+ Nf5 30. gxf5+ 1-0

[Event "*** SCC Grand Prix: Titled Tuesday Blitz"]
[Site "Chess.com"]
[Date "2020.10.13"]
[Round "7"]
[White "Margency"]
[Black "NiranjanNavalgund"]
[Result "1-0"]
[WhiteElo "2609"]
[BlackElo "2440"]
[TimeControl "180+1"]
[EndTime "11:15:35 PDT"]
[Termination "Margency won by resignation"]

1. e4 c5 2. Nf3 Nc6 3. d4 cxd4 4. Nxd4 g6 5. c4 Nf6 6. Nc3 Nxd4 7. Qxd4 d6 8. Bg5 Bg7 9. Be2 O-O 10. Qd2 Qa5 11.
Rc1 Be6 12. b3 Rfc8 13. f3 Qd8 14. O-O Qf8 15. Rfd1 h6 16. Be3 Kh7 17. f4 Ng4 18. Bxg4 Bxg4 19. Rf1 Bd7 20. f5 Qe8 21. Nd5 Bc6 22.
Bd4 e5 23. fxe6 fxe6 24. Bxg7 Kxg7 25. Nf6 Qe7 26. e5 dxe5 27. Ng4 Qg5 28. Qxg5 hxg5 29. Nxe5 Rf8 30. Nxc6 bxc6 31. Rxf8 Rxf8 32. Rd1 Kf6 33. Rf1+ Ke7 34. Rxf8 Kxf8 35. Kf2 Kf7 36. Ke3 e5 37.
Ke4 Ke6 38. b4 a6 39. g4 Kd6 40. a4 Ke6 41. b5 cxb5 42. cxb5 axb5 43. axb5 Kd6 44.
h3 Kc5 45. Kxe5 Kxb5 46. Kf6 1-0

[Event "*** SCC Grand Prix: Titled Tuesday Blitz"]
[Site "Chess.com"]
[Date "2020.10.13"]
[Round "7"]
[White "PowerThinking2650"]
[Black "IvanSoriano1"]
[Result "0-1"]
[WhiteElo "2369"]
[BlackElo "2507"]
[TimeControl "180+1"]
[EndTime "11:15:36 PDT"]
[Termination "IvanSoriano1 won by checkmate"]

1. e4 e5 2. Nf3 Nc6 3. Nc3 Nf6 4. d4 exd4 5. Nxd4 Bb4 6. Nxc6 bxc6 7. Bd3 d5 8. exd5 O-O 9. O-O cxd5 10. Bg5 c6 11.
Qf3 Rb8 12. Bxf6 Qxf6 13. Qxf6 gxf6 14. Ne2 Bd6 15. b3 a5 16. a4 Bd7 17. Ng3 Be5 18.
Rad1 Rb4 19. Nf5 Be6 20. g3 c5 21. Ne7+ Kg7 22. Bb5 Rd4 23. Nc6 Rxd1 24. Rxd1 Bc7 25. Ne7 Rd8 26. f4 Kf8 27. Nc6 Rd6 28. Na7 c4 29. Nc6 Bf5 30. Nd4 Bb6 31. Kg2 Be4+ 32.
Kh3 f5 33. g4 fxg4+ 34. Kxg4 Rg6+ 35. Kh3 Bd8 36. Rd2 c3 37. Re2 Bf6 38. Nc6 Bf5# 0-1

[Event "*** SCC Grand Prix: Titled Tuesday Blitz"]
[Site "Chess.com"]
[Date "2020.10.13"]
[Round "7"]
[White "ExtremeLearner"]
[Black "Fy_Rakotomaharo"]
[Result "0-1"]
[WhiteElo "2410"]
[BlackElo "2647"]
[TimeControl "180+1"]
[EndTime "11:15:37 PDT"]
[Termination "Fy_Rakotomaharo won by resignation"]

1. d4 g6 2. Nf3 Nf6 3. g3 Bg7 4. Bg2 d5 5. O-O O-O 6. c4 dxc4 7. Na3 c3 8. bxc3 c5 9. Nc4 Nd5 10. Bb2 Nb6 11. Nxb6 Qxb6 12. Rb1 Nc6 13. e3 Bf5 14.
Ba3 Qxb1 15. Qxb1 Bxb1 16. Rxb1 cxd4 17. Nxd4 Rfc8 18. Rxb7 Nxd4 19. cxd4 Rab8 20. Rxb8 Rxb8 21. Bxe7 Rb1+ 22. Bf1 Ra1 23. Bc5 Rxa2 24. Bc4 Ra1+ 25. Kg2 Bf8 26. Bxf8 Kxf8 27. Kf3 f5 28. Kf4 Rc1 29.
Ba6 Rc2 30. f3 Rxh2 31. e4 Ra2 32. Bb7 Ra4 33. d5 fxe4 34. fxe4 Ke7 35. Ke5 Rb4 36. Bc6 a5 37. d6+ Kd8 38. Ke6 a4 39. e5 a3 40.
Bd5 Rd4 41. Bb3 Rd2 42. Kf7 Rf2+ 43. Kg7 a2 44. Bxa2 Rxa2 45. e6 Rf2 46. g4 g5 0-1

[Event "*** SCC Grand Prix: Titled Tuesday Blitz"]
[Site "Chess.com"]
[Date "2020.10.13"]
[Round "7"]
[White "Chamal_Gedgafov"]
[Black "Region_07"]
[Result "0-1"]
[WhiteElo "2159"]
[BlackElo "2320"]
[TimeControl "180+1"]
[EndTime "11:15:37 PDT"]
[Termination "Region_07 won by resignation"]

1. d4 c5 2. d5 e6 3. c4 exd5 4. cxd5 Nf6 5. Nc3 d6 6. e4 g6 7. Bd3 Bg7 8. Nge2 O-O 9. O-O a6 10. a4 Nbd7 11. h3 Re8 12. Ng3 Ne5 13. Bc2 Rb8 14.
f4 Ned7 15. Bd3 Qc7 16. Be3 c4 17. Bc2 b5 18. axb5 axb5 19. Ra7 Qd8 20. Qf3 b4 21. Na4 Rb7 22. Ra8 Rb8 23. Rxb8 Nxb8 24. Kh1 Qa5 25. f5 b3 26. Bb1 Qxa4 27. Bd4 Nbd7 28. fxg6 hxg6 29. Qf4 Ne5 30. Ne2 Nh5 31. Qh4 Qd7 32.
g4 Nxg4 33. hxg4 Qxg4 34. Qxg4 Bxg4 35. Bxg7 Bxe2 36. Rf2 Kxg7 37. Rxe2 Ng3+ 0-1

[Event "*** SCC Grand Prix: Titled Tuesday Blitz"]
[Site "Chess.com"]
[Date "2020.10.13"]
[Round "7"]
[White "crazy_but_lazy"]
[Black "esrosenberg"]
[Result "1-0"]
[WhiteElo "2498"]
[BlackElo "2308"]
[TimeControl "180+1"]
[EndTime "11:15:39 PDT"]
[Termination "crazy_but_lazy won by checkmate"]

1. e4 c6 2. d4 d5 3. exd5 cxd5 4. Bd3 Nc6 5. c3 Qc7 6. Ne2 Bg4 7. O-O a6 8. Qe1 Nf6 9. Bf4 Qd7 10. Nd2 Bf5 11.
Nc1 g6 12. Nf3 Bg7 13. Ne5 Nxe5 14. Bxe5 O-O 15. h3 Rfe8 16. Qe3 Rac8 17. Bxf5 Qxf5 18.
Nd3 Nd7 19. Bxg7 Kxg7 20. Rfe1 e6 21. Rad1 g5 22. Qg3 h6 23. Ne5 Nxe5 24. Rxe5 Qc2 25. Rde1 Qxb2 26. h4 Rxc3 27. Qg4 f5 28. Qh5 Rcc8 29.
hxg5 hxg5 30. Qxg5+ Kf7 31. Qh5+ Kf6 32. Rxe6+ Rxe6 33. Qh6+ Ke7 34. Qxe6+ Kd8 35. Qd6# 1-0

[Event "*** SCC Grand Prix: Titled Tuesday Blitz"]
[Site "Chess.com"]
[Date "2020.10.13"]
[Round "7"]
[White "bocah_sakit"]
[Black "Bulldog167"]
[Result "0-1"]
[WhiteElo "2865"]
[BlackElo "2764"]
[TimeControl "180+1"]
[EndTime "11:15:40 PDT"]
[Termination "Bulldog167 won on time"]

1. e4 c5 2. Nf3 d6 3. d4 cxd4 4. Nxd4 Nf6 5. Nc3 a6 6. Bg5 Nbd7 7. f4 Qc7 8. Qf3 b5 9. O-O-O Bb7 10. Bd3 g6 11. Rhe1 Bg7 12. Nd5 Nxd5 13. exd5 Nf6 14. f5 Bxd5 15. Qf1 O-O 16. fxg6 fxg6 17. Ne6 Bxe6 18.
Rxe6 Ne4 19. Bxe4 Rxf1 20. Rxf1 Rf8 21. Re1 Bf6 22. Bh6 Rc8 23. Bd3 Qc5 24. g4 Qd4 25.
R1e3 Qxg4 26. Be2 Qg1+ 27. Kd2 Qxh2 28. Rxf6 exf6 0-1

[Event "*** SCC Grand Prix: Titled Tuesday Blitz"]
[Site "Chess.com"]
[Date "2020.10.13"]
[Round "7"]
[White "TheMagnet"]
[Black "ApacheSVD"]
[Result "1-0"]
[WhiteElo "2590"]
[BlackElo "2392"]
[TimeControl "180+1"]
[EndTime "11:15:40 PDT"]
[Termination "TheMagnet won by resignation"]

1. d4 Nf6 2. c4 c5 3. d5 b5 4. cxb5 a6 5. b6 e6 6. Nc3 Nxd5 7. Nxd5 exd5 8. Qxd5 Nc6 9. Nf3 Rb8 10. e4 Be7 11.
Bc4 O-O 12. O-O Rxb6 13. Bd2 Bb7 14. Qh5 Rxb2 15. Bc3 Rc2 16. Rac1 Rxc1 17. Rxc1 d6 18. Rd1 Nd4 19. Nxd4 cxd4 20. Bxd4 Bxe4 21. Qg4 Bg6 22. Bxa6 Qa5 23. Bc4 h5 24. Qe2 Bg5 25. Ba1 Rd8 26. Rd5 Qa3 27. Bb2 Qb4 28. Rxg5 Rb8 29. Rxg6 Qxb2 30. Qxb2 Rxb2 31. Rxd6 Rb1+ 32. Bf1 Ra1 33.
Rd2 g6 34. h4 1-0

[Event "*** SCC Grand Prix: Titled Tuesday Blitz"]
[Site "Chess.com"]
[Date "2020.10.13"]
[Round "7"]
[White "chessfrendz"]
[Black "FMKonstantin_Twitch"]
[Result "1-0"]
[WhiteElo "2394"]
[BlackElo "2546"]
[TimeControl "180+1"]
[EndTime "11:15:42 PDT"]
[Termination "chessfrendz won by resignation"]

1. d4 Nf6 2. Nf3 g6 3. c4 Bg7 4.
Nc3 O-O 5. e4 c5 6. d5 d6 7. Be2 e6 8. O-O exd5 9. exd5 Re8 10. h3 a6 11. Bg5 h6 12. Bh4 Nbd7 13. Bd3 Qb6 14. Qc2 Nh5 15. Rae1 Rxe1 16. Rxe1 Ne5 17.
Nxe5 dxe5 18. Be7 Nf4 19. Bf1 Bf5 20. Qd2 Bf8 21. Bxf8 Rxf8 22. Rxe5 Nh5 23. Qxh6 Qf6 24. Re3 Bc2 25. Rf3 Qd4 26. Qe3 Ng7 27. Rf4 Qxe3 28. fxe3 Nf5 29. e4 Nd4 30. e5 Re8 31. d6 Rxe5 32.
Rxd4 cxd4 33. d7 dxc3 34. d8=Q+ Kg7 35. Qd4 1-0

[Event "*** SCC Grand Prix: Titled Tuesday Blitz"]
[Site "Chess.com"]
[Date "2020.10.13"]
[Round "7"]
[White "szachuspl"]
[Black "lider34"]
[Result "0-1"]
[WhiteElo "2545"]
[BlackElo "2394"]
[TimeControl "180+1"]
[EndTime "11:15:42 PDT"]
[Termination "lider34 won by resignation"]

1. d4 Nf6 2. c4 g6 3. Nc3 Bg7 4. e4 d6 5. Nf3 O-O 6. Be2 e5 7.
Be3 exd4 8. Nxd4 Re8 9. f3 c6 10. Bf2 d5 11. exd5 cxd5 12. c5 Nc6 13. O-O Nh5 14.
Nb3 Nf4 15. Re1 Qg5 16. Bg3 Nxe2+ 17. Rxe2 Be6 18. Qd2 Qh5 19. Rae1 Red8 20. Nb5 d4 21.
Nc7 Bxb3 22. axb3 Rac8 23. Ne8 d3 24. Re4 Qxc5+ 25. Kh1 Qc2 26. Bf4 Bxb2 27. Bg5 Bc3 28. Nf6+ Bxf6 29. Qxc2 dxc2 30. Bxf6 Rd1 31. Bg5 Nd4 32.
Kg1 c1=Q 33. Bxc1 Rcxc1 34. Rxd1 Rxd1+ 35. Kf2 Nxb3 36. Rb4 Nc5 37. Rc4 b6 0-1

[Event "*** SCC Grand Prix: Titled Tuesday Blitz"]
[Site "Chess.com"]
[Date "2020.10.13"]
[Round "7"]
[White "UmarovSabir"]
[Black "jacky72"]
[Result "0-1"]
[WhiteElo "2377"]
[BlackElo "2557"]
[TimeControl "180+1"]
[EndTime "11:15:42 PDT"]
[Termination "jacky72 won by checkmate"]

1. e4 e5 2. Nf3 Nc6 3. Bc4 Bc5 4. b4 Bxb4 5. c3 Ba5 6. d4 exd4 7. Qb3 Qf6 8. O-O Nge7 9. cxd4 O-O 10. e5 Qg6 11. d5 Nd8 12. d6 cxd6 13. exd6 Qxd6 14. Ba3 Qf6 15. Bb2 Qb6 16. Qc2 d5 17. Bd3 Ng6 18.
Nc3 Be6 19. Ng5 Rc8 20. Nxe6 Nxe6 21. Bxg6 hxg6 22. Qd3 Bxc3 23. Bxc3 Nf4 24. Qf3 Rxc3 25. Qxf4 d4 26. Rad1 Rd8 27. Rd2 d3 28. Rfd1 Qd4 29.
Qxd4 Rxd4 30. f3 Rc2 31. Kf2 Ra4 32. Ke3 Raxa2 33. Rxd3 Rxg2 34. h4 Rh2 35. Rd8+ Kh7 36. R1d7 Ra3+ 37. Kf4 Rh3 38. Rxb7 Raxf3+ 39. Ke4 f5+ 40. Ke5 Re3+ 41. Kf4 Re4+ 42. Kg5 Rg3# 0-1

[Event "*** SCC Grand Prix: Titled Tuesday Blitz"]
[Site "Chess.com"]
[Date "2020.10.13"]
[Round "7"]
[White "tan275"]
[Black "WonderChampion"]
[Result "0-1"]
[WhiteElo "2216"]
[BlackElo "2029"]
[TimeControl "180+1"]
[EndTime "11:15:43 PDT"]
[Termination "WonderChampion won by resignation"]

1. d4 d5 2. c4 e6 3. Nf3 c6 4.
g3 dxc4 5. Bg2 Nf6 6. O-O Be7 7.
Ne5 O-O 8. Na3 Bxa3 9. bxa3 Nbd7 10. Nxc4 Nb6 11. Ne5 Bd7 12. Bd2 Nbd5 13. Rb1 Qc7 14.
Qb3 b6 15. Rfc1 Rac8 16. a4 Qd6 17. Rd1 Rfd8 18. e4 Ne7 19. Bb4 c5 20. Nxd7 cxb4 21.
Nxf6+ gxf6 22. Qxb4 Qd7 23. d5 exd5 24. exd5 Rc5 25.
d6 Nc6 26. Qf4 Rf5 27. Qg4+ Kh8 28. Be4 Rc5 29. Qf4 Qe6 30. Bf5 Qxf5 31. Qxf5 Rxf5 0-1

[Event "*** SCC Grand Prix: Titled Tuesday Blitz"]
[Site "Chess.com"]
[Date "2020.10.13"]
[Round "7"]
[White "RoelandPruijssers"]
[Black "VladimirBugayev"]
[Result "1-0"]
[WhiteElo "2487"]
[BlackElo "2346"]
[TimeControl "180+1"]
[EndTime "11:15:44 PDT"]
[Termination "RoelandPruijssers won by checkmate"]

1. e4 c6 2. d4 d5 3. e5 Bf5 4.
Nf3 e6 5. Be2 c5 6. Be3 Qb6 7. Nc3 Nc6 8. Na4 Qa5+ 9. c3 cxd4 10. Nxd4 Nxd4 11. Bxd4 Ne7 12. Nc5 O-O-O 13. b4 Qa3 14.
Qb3 Qxb3 15. axb3 Nc6 16. Be3 Bxc5 17. Bxc5 b6 18. Bd6 f6 19. f4 Kb7 20. Ba6+ Ka8 21. Bb5 Kb7 22. Bxc6+ Kxc6 23. Rxa7 Ra8 24. Rc7+ Kb5 25.
O-O Ra2 26. c4+ Ka6 27. b5+ Ka5 28. Ra7# 1-0

[Event "*** SCC Grand Prix: Titled Tuesday Blitz"]
[Site "Chess.com"]
[Date "2020.10.13"]
[Round "7"]
[White "HrvojeZagreb"]
[Black "Alindsay211"]
[Result "0-1"]
[WhiteElo "2174"]
[BlackElo "2431"]
[TimeControl "180+1"]
[EndTime "11:15:44 PDT"]
[Termination "Alindsay211 won by resignation"]

1. d4 d6 2. Nc3 Nf6 3. e4 g6 4.
Bf4 Bg7 5. Qd2 O-O 6. O-O-O c6 7.
Bh6 Bxh6 8. Qxh6 Nbd7 9. h4 e5 10. h5 Qe7 11. hxg6 fxg6 12. Bc4+ Kh8 13. Nf3 exd4 14.
Rxd4 Ne5 15. Nxe5 dxe5 16. Rd2 b5 17. Bd3 Ng4 18. Qxg6 Nxf2 19. Rh4 Qxh4 20. Qxc6 Bg4 21. Qd6 Qg5 22. Nd5 Nxd3+ 23. cxd3 Rac8+ 24. Nc3 Rf2 0-1

[Event "*** SCC Grand Prix: Titled Tuesday Blitz"]
[Site "Chess.com"]
[Date "2020.10.13"]
[Round "7"]
[White "Harsha_Bharathakoti"]
[Black "GOGIEFF"]
[Result "0-1"]
[WhiteElo "2770"]
[BlackElo "2883"]
[TimeControl "180+1"]
[EndTime "11:15:48 PDT"]
[Termination "GOGIEFF won by resignation"]

1. d4 Nf6 2. c4 g6 3. Nc3 Bg7 4. e4 d6 5. Nf3 O-O 6. Be2 e5 7. Be3 Nc6 8. d5 Ne7 9. Nd2 c5 10. a3 Nd7 11. O-O f5 12. f3 f4 13. Bf2 h5 14. b4 g5 15. bxc5 Nxc5 16. Nb3 b6 17. a4 a5 18. Nxc5 bxc5 19. Rb1 Ng6 20. g4 fxg3 21.
hxg3 h4 22. g4 Nf4 23. Qc2 Nh3+ 24. Kg2 Nxf2 25. Rxf2 Qf6 26. Qd2 Bxg4 27. Rg1 Bd7 28. Nd1 Rab8 29. Kh1 Bh6 30. Ne3 Rb4 31. Bd3 Rxa4 32. Nf5 Bxf5 33. exf5 Kh8 34. Qc2 Rb4 35. Ra1 e4 0-1

[Event "*** SCC Grand Prix: Titled Tuesday Blitz"]
[Site "Chess.com"]
[Date "2020.10.13"]
[Round "7"]
[White "GMSrinath"]
[Black "AliKa2810"]
[Result "0-1"]
[WhiteElo "2798"]
[BlackElo "2611"]
[TimeControl "180+1"]
[EndTime "11:15:49 PDT"]
[Termination "AliKa2810 won by resignation"]

1. Nf3 d5 2. c4 d4 3. e3 c5 4. exd4 cxd4 5. d3 Nc6 6. g3 Nf6 7. Bg2 e5 8. O-O Bd6 9. a3 a5 10. Re1 O-O 11. Nbd2 Re8 12. Ne4 Nxe4 13. Rxe4 Bf5 14.
Re1 h6 15. Qc2 Qf6 16. Nd2 Qg6 17. Ne4 Bf8 18. f4 Be6 19. fxe5 Nxe5 20. Bf4 Ng4 21. h3 Ne3 22. Bxe3 dxe3 23. Rxe3 f5 24. Nf2 Bc5 25. Rf3 Bd7 26. d4 Bxd4 27. Rd1 Bc6 28. Qxf5 Bxf2+ 29. Kxf2 Re2+ 30. Kxe2 Bxf3+ 31. Qxf3 Qc2+ 32. Rd2 Re8+ 33. Qe3 Rxe3+ 34. Kxe3 Qb3+ 35. Kf2 b6 36. c5 Qf7+ 37. Kg1 Qe7 38. c6 Qe1+ 0-1

[Event "*** SCC Grand Prix: Titled Tuesday Blitz"]
[Site "Chess.com"]
[Date "2020.10.13"]
[Round "7"]
[White "Manukyan_Artak"]
[Black "Mikhail_Golubev"]
[Result "0-1"]
[WhiteElo "2319"]
[BlackElo "2526"]
[TimeControl "180+1"]
[EndTime "11:15:49 PDT"]
[Termination "Mikhail_Golubev won by resignation"]

1. e4 c5 2. Nf3 d6 3. Bb5+ Bd7 4. Bxd7+ Nxd7 5. c4 Ngf6 6. Nc3 Ne5 7. d3 e6 8.
Bf4 Ng6 9. Bg3 Be7 10. O-O O-O 11. a3 Rc8 12. b4 cxb4 13. axb4 d5 14. exd5 Bxb4 15.
Na2 Be7 16. dxe6 fxe6 17. Re1 Nh5 18. Nc3 Ngf4 19. Ne5 Bf6 20. Ra3 Nxg3 21. hxg3 Bxe5 22.
gxf4 Bxf4 23. Rxe6 Qh4 24. Ne4 Qh2+ 25. Kf1 Qh1+ 26.
Ke2 Qxg2 27. Rxa7 Qg4+ 28. Ke1 Qxe6 0-1

[Event "*** SCC Grand Prix: Titled Tuesday Blitz"]
[Site "Chess.com"]
[Date "2020.10.13"]
[Round "7"]
[White "onnoelgersma"]
[Black "tandaleo"]
[Result "1-0"]
[WhiteElo "2487"]
[BlackElo "2341"]
[TimeControl "180+1"]
[EndTime "11:15:50 PDT"]
[Termination "onnoelgersma won by resignation"]

1. Nf3 Nf6 2. d4 e6 3. c4 d5 4.
e3 b6 5. Nc3 Bb7 6. Bd2 Bd6 7.
Bd3 O-O 8. Rc1 Nbd7 9. cxd5 Nxd5 10. O-O a6 11. e4 Nxc3 12. bxc3 c5 13. e5 Be7 14. Qe2 b5 15. a4 c4 16. Bc2 Nb6 17. Rb1 Bc6 18. axb5 axb5 19. Ra1 Nd5 20. Qe4 g6 21. Qg4 b4 22. h4 h5 23. Qg3 Kg7 24. cxb4 c3 25. Bg5 Bxg5 26. Nxg5 Nxb4 27. Nxe6+ 1-0

[Event "*** SCC Grand Prix: Titled Tuesday Blitz"]
[Site "Chess.com"]
[Date "2020.10.13"]
[Round "7"]
[White "tk22h"]
[Black "CzechmVIII"]
[Result "0-1"]
[WhiteElo "2307"]
[BlackElo "2182"]
[TimeControl "180+1"]
[EndTime "11:15:50 PDT"]
[Termination "CzechmVIII won by resignation"]

1. d4 Nf6 2. c4 c5 3. d5 b5 4.
cxb5 a6 5. b6 g6 6. Nc3 Bg7 7.
e4 d6 8. f4 O-O 9. Nf3 Qxb6 10. Be2 e6 11. dxe6 Bxe6 12. O-O Nc6 13. Rb1 Rfd8 14.
Be3 Ng4 15. Bd2 c4+ 16. Kh1 Nf2+ 17. Rxf2 Qxf2 18. Be1 Qb6 19. Ng5 Rac8 20. Nxe6 fxe6 21. Bxc4 Nd4 22. Bd3 Qb7 23. Qg4 Qf7 24. Bf2 Rf8 25. Be3 Nb5 26. Nxb5 axb5 27. Bxb5 Rc2 28. b3 Kh8 29.
Bc4 Qb7 30. Qxe6 Rxa2 31. h4 Qa8 32. Bd5 Qa5 33. Qxd6 Ra1 34. Rxa1 Qxa1+ 35. Kh2 Qe1 36. Bd4 Qxh4+ 37. Kg1 Qe1+ 38. Kh2 Qh4+ 39. Kg1 Bxd4+ 0-1

[Event "*** SCC Grand Prix: Titled Tuesday Blitz"]
[Site "Chess.com"]
[Date "2020.10.13"]
[Round "7"]
[White "nelsoncopa"]
[Black "PawnEatingZombie"]
[Result "0-1"]
[WhiteElo "1811"]
[BlackElo "2180"]
[TimeControl "180+1"]
[EndTime "11:15:50 PDT"]
[Termination "PawnEatingZombie won on time"]

1. d4 d5 2. c4 e6 3. Nc3 Bb4 4. Qc2 dxc4 5. Nf3 b5 6. a4 c6 7. axb5 cxb5 8. e3 Bb7 9. Be2 Nd7 10. O-O a6 11. b3 cxb3 12. Qxb3 Be7 13. Ba3 Ngf6 14. Bxe7 Qxe7 15. Nd2 O-O 16. h3 Rfc8 17. Rfc1 Nd5 18. Nxd5 Bxd5 19. Qb2 Qd8 20. Qb4 Nb6 21. e4 Bb7 22. Nb3 Bxe4 23. Nc5 Bd5 24. Bd3 Qg5 25. Bf1 h5 0-1

[Event "*** SCC Grand Prix: Titled Tuesday Blitz"]
[Site "Chess.com"]
[Date "2020.10.13"]
[Round "7"]
[White "aloe_normansen"]
[Black "Colombiano07"]
[Result "0-1"]
[WhiteElo "2348"]
[BlackElo "2254"]
[TimeControl "180+1"]
[EndTime "11:15:55 PDT"]
[Termination "Colombiano07 won on time"]

1. e4 e6 2. d4 d5 3. Nc3 Nf6 4. e5 Nfd7 5. f4 c5 6. Nf3 Nc6 7. Be3 h6 8. Qd2 g5 9. fxg5 cxd4 10. Nxd4 Ndxe5 11. Be2 Bd7 12. Nxc6 Nxc6 13. g6 fxg6 14. Bd3 Ne5 15. O-O Qc7 16. Bd4 Bd6 17. Bxe5 Bxe5 18. Bxg6+ Kd8 19. h3 Kc8 20. Rf7 Qb6+ 21. Kh1 Qxb2 22.
Raf1 Qxc3 23. Rf8+ Kc7 24. Qxc3+ Bxc3 25. R8f7 Kd6 26.
Bd3 Rae8 27. Rb1 Bc6 28. Rb3 Re7 29. Rxe7 Kxe7 30. Rxc3 e5 31. Bf1 d4 32. Rg3 Kd6 33.
Rg6+ Kc5 34. Rg4 e4 35. Kh2 Rf8 36. Be2 Rf2 37. Bd1 Rd2 0-1

[Event "*** SCC Grand Prix: Titled Tuesday Blitz"]
[Site "Chess.com"]
[Date "2020.10.13"]
[Round "7"]
[White "Anton_Demchenko"]
[Black "tsvet2005"]
[Result "1-0"]
[WhiteElo "2818"]
[BlackElo "2711"]
[TimeControl "180+1"]
[EndTime "11:15:56 PDT"]
[Termination "Anton_Demchenko won by checkmate"]

1. d4 d5 2. Nf3 Nf6 3. Bf4 c5 4. e3 Nc6 5. Nbd2 e6 6. c3 Bd6 7. Bg3 O-O 8. Bd3 b6 9. e4 dxe4 10. Nxe4 Nxe4 11. Bxe4 Bb7 12. dxc5 Bxc5 13. Qa4 Qc8 14.
Bxh7+ Kxh7 15. Qh4+ Kg8 16. Ng5 Re8 17. Qh7+ Kf8 18.
Qh8+ Ke7 19. Qxg7 Nd8 20. O-O-O Bd5 21. Nh7 Qc6 22. Nf6 Nb7 23. Rhe1 Rad8 24. Bh4 Kd6 25.
Qxf7 Rf8 26. Bg3+ e5 27. Bxe5# 1-0

[Event "*** SCC Grand Prix: Titled Tuesday Blitz"]
[Site "Chess.com"]
[Date "2020.10.13"]
[Round "7"]
[White "Ermito2020"]
[Black "vugarrasulov"]
[Result "0-1"]
[WhiteElo "2681"]
[BlackElo "2854"]
[TimeControl "180+1"]
[EndTime "11:15:57 PDT"]
[Termination "vugarrasulov won on time"]

1. e4 c5 2. Nf3 e6 3. d4 cxd4 4. Nxd4 Nc6 5. Nc3 Qc7 6. Be3 a6 7. Qf3 Ne5 8. Qg3 h5 9. f4 Nc4 10. Bxc4 Qxc4 11. O-O-O b5 12. Kb1 Bb7 13. f5 Nf6 14. e5 Ne4 15. Nxe4 Bxe4 16. fxe6 dxe6 17. Rhf1 Rc8 18. Qf2 Bg6 19. b3 Qc7 20. Rfe1 Bb4 21. Re2 O-O 22. g4 hxg4 23. h3 g3 24. Qxg3 Rfd8 25. Qg2 Qc3 26. Qg1 Ba3 27. Bc1 Bxc1 28. Rxc1 Qxd4 29. Qg2 Rc3 30. h4 Rdc8 31. Rd2 Qxe5 32.
Re2 Qc5 33. Rd2 a5 0-1

[Event "*** SCC Grand Prix: Titled Tuesday Blitz"]
[Site "Chess.com"]
[Date "2020.10.13"]
[Round "7"]
[White "Fischerev7"]
[Black "witcher8"]
[Result "1/2-1/2"]
[WhiteElo "2257"]
[BlackElo "2419"]
[TimeControl "180+1"]
[EndTime "11:15:59 PDT"]
[Termination "Game drawn by repetition"]

1. e4 c6 2. d4 d5 3. exd5 cxd5 4. c4 Nf6 5. Nc3 g6 6. cxd5 Nxd5 7. Bb5+ Nc6 8. Qa4 Nxc3 9. Bxc6+ bxc6 10. Qxc6+ Bd7 11. Qxc3 Bg7 12. Nf3 O-O 13. O-O Rc8 14. Qa3 Bc6 15. Ne5 Ba8 16. Be3 Qd5 17. Nf3 Qh5 18. Ne5 Rc7 19.
Rac1 Rfc8 20. Rxc7 Rxc7 21. Qb3 Bxe5 22. dxe5 Bxg2 23. Kxg2 Qg4+ 24. Kh1 Qf3+ 25. Kg1 Qg4+ 26. Kh1 Qf3+ 27. Kg1 Qg4+ 28. Kh1 1/2-1/2

[Event "*** SCC Grand Prix: Titled Tuesday Blitz"]
[Site "Chess.com"]
[Date "2020.10.13"]
[Round "7"]
[White "esapunov"]
[Black "karinachess1"]
[Result "1-0"]
[WhiteElo "2656"]
[BlackElo "2521"]
[TimeControl "180+1"]
[EndTime "11:16:01 PDT"]
[Termination "esapunov won on time"]

1. c4 f5 2. Nf3 Nf6 3. Nc3 g6 4.
d4 Bg7 5. Bf4 O-O 6. e3 d6 7. h3 Nc6 8. Bh2 a6 9. Be2 Qe8 10. O-O e5 11. Rc1 e4 12. Nd2 Bd7 13. a3 g5 14. b4 Ne7 15. c5 dxc5 16. Qb3+ Kh8 17. bxc5 c6 18. Nc4 f4 19. exf4 Nf5 20. fxg5 Nxd4 21. Qd1 Nd5 22. Nd6 Qg6 23. Bh5 Qxg5 24.
Ncxe4 Qe7 25. Rc4 Nf5 26. Re1 Be6 27. Nxf5 Rxf5 28. Nd6 Rf6 29. Rce4 Qd7 30. Bg4 Bxg4 31. Qxg4 Qxg4 32. hxg4 h6 33. Nf5 Rff8 34. Re6 1-0

[Event "*** SCC Grand Prix: Titled Tuesday Blitz"]
[Site "Chess.com"]
[Date "2020.10.13"]
[Round "7"]
[White "Eliwood44"]
[Black "Maksimus1998"]
[Result "1/2-1/2"]
[WhiteElo "2429"]
[BlackElo "2613"]
[TimeControl "180+1"]
[EndTime "11:16:07 PDT"]
[Termination "Game drawn by repetition"]

1. d4 d5 2. Nf3 Nf6 3. c4 c6 4. e3 a6 5. b3 Bg4 6. Nbd2 e6 7. h3 Bh5 8. Be2 Be7 9. O-O O-O 10. Bb2 Nbd7 11.
Rc1 b5 12. c5 Ne4 13. Nxe4 dxe4 14. Nd2 Bxe2 15. Qxe2 Nf6 16. f3 Qd5 17. fxe4 Nxe4 18.
Nxe4 Qxe4 19. Rf4 Qd5 20. Rcf1 f5 21. e4 fxe4 22. Qxe4 Qxe4 23. Rxe4 Rxf1+ 24. Kxf1 Kf7 25. Ke2 Bf6 26. g4 Rd8 27. Ke3 Rd5 28. a3 h5 29.
Rf4 Ke7 30. Ke4 Bg5 31. Rf2 h4 32. Bc3 g6 33. b4 Rd8 34. Bd2 Bxd2 35. Rxd2 Rf8 36.
Rd3 Rf1 37. Rf3 Rg1 38. Kf4 Kf6 39. Re3 g5+ 40. Ke4 Ke7 41. Rf3 Re1+ 42. Re3 Rf1 43. Rf3 Rg1 44. Re3 Rg2 45. Rf3 Re2+ 46. Re3 Rf2 47.
Rf3 Rg2 48. Re3 Rg1 49. Rf3 Ra1 50. Re3 Rf1 51. Rf3 Re1+ 52. Re3 Rf1 1/2-1/2

[Event "*** SCC Grand Prix: Titled Tuesday Blitz"]
[Site "Chess.com"]
[Date "2020.10.13"]
[Round "7"]
[White "chenxiaoyuer"]
[Black "KaterynaLagno"]
[Result "0-1"]
[WhiteElo "2530"]
[BlackElo "2708"]
[TimeControl "180+1"]
[EndTime "11:16:08 PDT"]
[Termination "KaterynaLagno won by checkmate"]

1. e4 e5 2. Nf3 Nc6 3. Bb5 Nf6 4. d3 Bc5 5. c3 O-O 6. O-O d6 7. Nbd2 Ne7 8. d4 exd4 9. cxd4 Bb6 10. Bd3 Ng6 11. Nc4 d5 12. Nxb6 axb6 13. e5 Ne4 14. Nd2 Bf5 15. g4 Nf4 16. Bxe4 dxe4 17. Nc4 Nh3+ 18.
Kg2 Be6 19. Kxh3 Bxc4 20. Re1 f5 21. Kg2 Qh4 22. Bf4 Bd5 23. Re3 fxg4 24. Bg3 Qg5 25.
Qc1 h5 26. h4 gxh3+ 27. Kxh3 h4 28. Bxh4 Be6+ 29. Kh2 Qxh4+ 30. Kg1 Rxf2 31. Rh3 Bxh3 32. Qh6 gxh6 33. Re1 Qg3+ 34. Kh1 Qg2# 0-1